Map: Sang chaud EC

Players

zidar

  • Race: Zerg Zerg
  • League: Gold
  • Spawn Location: 11:00

edii - Winner!

  • Race: Terran Terran
  • League: Platinum
  • Spawn Location: 5:00

VOD

Have the link to the VOD?

Description

Time

  • Played on: July 9, 2017, 3:46 p.m.
  • Length: 11:14
Show
View Real Time Build Order
Export as new Build Order

zidar Zerg 

Build Orders: Pool First, Muta Ling Bane 

Get SALT Encoding   

  12  0:00  Unknown  
  12  0:01  Drone  
  13  0:14  Overlord  
  13  0:17  Drone  
  14  0:32  Drone x2  
  16  0:36  Drone  
  17  0:48  Spawning Pool  
  17  0:49  Drone  
  17  1:14  Hatchery  
  17  1:17  Drone  
  17  1:21  Extractor  
  16  1:26  Drone  
  17  1:34  Queen  
  19  1:40  Drone  
  19  1:44  Overlord  
  20  1:49  Drone  
  20  2:10  Queen  
  20  2:12  Drone  
  20  2:13  Drone  
  24  2:21  Baneling Nest  
  23  2:29  Zergling x6  
  26  2:43  Queen  
  28  2:56  Drone x3  
  28  2:57  Drone x2  
  33  3:07  Overlord  
  33  3:30  Metabolic Boost  
  33  3:33  Zergling x6  
  36  3:42  Overlord  
  36  3:43  Overlord  
  36  4:01  Drone x2  
  36  4:02  Drone x7  
  45  4:04  Overlord  
  45  4:05  Overlord  
  45  4:27  Hatchery  
  44  4:37  Lair  
  44  4:41  Extractor  
  44  4:44  Drone x6  
  49  4:45  Drone  
  49  4:47  Drone  
  49  4:48  Drone  
  49  4:49  Overlord  
  52  5:05  Zergling x12  
  52  5:07  Baneling x6  
  57  5:18  Pneumatized Carapace  
  57  5:23  Extractor  
  56  5:28  Extractor  
  55  5:39  Evolution Chamber  
  55  5:40  Drone  
  55  5:41  Drone  
  56  5:42  Evolution Chamber  
  56  5:43  Overlord x2  
  56  5:45  Overlord  
  56  5:48  Zergling x10  
  60  6:05  Drone x8  
  68  6:16  Centrifical Hooks  
  68  6:20  Spire  
  68  6:21  Drone x3  
  70  6:34  Extractor  
  69  6:43  Zerg Missile Weapons Level 1  
  59  7:17  Queen  
  59  7:25  Zergling x2  
  59  7:26  Zergling x22  
  71  7:33  Baneling  
  71  7:34  Baneling x3  
  71  7:35  Mutalisk x7  
  78  7:58  Queen  
  77  8:23  Drone x6  
  77  8:24  Drone  
  84  8:28  Drone x3  
  84  8:29  Drone x3  
  84  8:30  Drone  
  91  8:50  Extractor  
  90  8:58  Zergling x16  
  90  9:02  Baneling x13  
  98  9:35  Hatchery  
  97  9:47  Zergling x2  
  97  9:51  Overlord x6  
  98  9:59  Infestation Pit  
  97  10:02  Overseer  
  97  10:13  Zergling x2  
  97  10:14  Zergling x34  
Show
View Real Time Build Order
Export as new Build Order

edii Terran - Winner!

Build Orders:  

Get SALT Encoding   

  12  0:00  Unknown, SCV  
  13  0:13  SCV  
  14  0:18  Supply Depot  
  14  0:25  SCV  
  15  0:40  SCV  
  15  0:42  Barracks  
  16  0:46  Refinery  
  16  0:52  SCV  
  17  1:04  SCV  
  18  1:16  SCV  
  19  1:29  Marine, Orbital Command  
  20  1:45  Command Center  
  20  1:53  Supply Depot  
  20  1:56  SCV  
  20  1:59  Barracks Reactor  
  21  2:08  SCV  
  22  2:13  Factory  
  22  2:23  SCV  
  23  2:36  Marine x2  
  25  2:47  SCV  
  25  2:49  Command Center  
  26  2:59  Factory Tech Lab  
  26  3:02  Refinery  
  26  3:06  SCV  
  26  3:09  Orbital Command  
  27  3:19  Hellion x2  
  31  3:23  SCV  
  32  3:38  Barracks Tech Lab, SCV  
  32  3:39  Starport  
  32  3:40  Hellion  
  32  3:41  SCV, Hellion  
  38  4:03  Bunker  
  38  4:04  SCV  
  38  4:05  SCV  
  38  4:07  Stimpack  
  40  4:11  Barracks  
  40  4:15  Marine  
  40  4:16  Medivac  
  43  4:25  Refinery  
  43  4:26  Hellion x2  
  47  4:33  Orbital Command  
  47  4:37  Marine  
  48  4:46  Medivac  
  48  4:52  SCV x2  
  52  4:54  Marine  
  52  4:56  Engineering Bay  
  53  5:00  SCV  
  53  5:03  Barracks  
  53  5:04  SCV  
  53  5:05  SCV  
  56  5:18  SCV x2  
  58  5:23  Missile Turret  
  58  5:24  Missile Turret  
  58  5:27  Marine  
  59  5:29  Refinery, SCV  
  59  5:30  SCV  
  59  5:34  Terran Infantry Weapons Level 1  
  59  5:35  Supply Depot  
  61  5:36  Starport Reactor  
  61  5:37  Supply Depot, Engineering Bay  
  61  5:56  Marine x2, SCV x2, Medivac  
  69  5:59  Supply Depot  
  69  6:01  Supply Depot  
  69  6:02  Supply Depot  
  69  6:03  SCV  
  69  6:04  Widow Mine  
  70  6:08  SCV x2  
  72  6:15  SCV  
  72  6:16  Terran Infantry Armor Level 1  
  72  6:17  Barracks Tech Lab  
  75  6:20  SCV x2  
  75  6:24  Barracks Reactor  
  77  6:26  Widow Mine  
  77  6:31  Supply Depot  
  77  7:37  Marine x2, Marauder x2  
  77  7:55  Marine x2  
  79  7:58  Marauder x2  
  71  8:13  Marine x2  
  71  8:15  Barracks x2  
  71  8:16  Barracks  
  71  8:17  Barracks  
  71  8:18  Starport Reactor  
  71  8:19  Marine  
  76  8:20  Marauder  
  76  8:24  Missile Turret  
  76  8:26  Missile Turret  
  80  8:27  Widow Mine, Missile Turret  
  80  8:28  Widow Mine  
  80  8:30  Marine  
  80  8:31  Marine  
  82  8:36  Refinery  
  82  8:37  Marine  
  82  8:40  Marine  
  84  8:43  Starport Reactor  
  84  8:44  Combat Shield  
  84  8:48  Marine x2  
  84  8:50  Armory  
  84  8:55  Marine  
  87  8:58  Marine  
  88  9:06  Marine x2  
  90  9:11  Barracks Reactor x2  
  90  9:12  Barracks Reactor x2  
  90  9:13  Marine  
  90  9:15  Missile Turret  
  90  9:16  Marine  
  92  9:24  Marine  
  92  9:30  Liberator x2  
  93  9:34  Factory, Supply Depot  
  93  9:35  Supply Depot  
  93  9:38  Supply Depot  
  93  9:39  Supply Depot  
  93  9:40  Supply Depot  
  93  9:48  Marine x2  
  93  9:49  Marine x6  
  93  9:50  Marine x2  
  109  9:55  Supply Depot  
  109  9:56  Marine x2, Supply Depot  
  109  9:57  Supply Depot  
  111  10:06  Marine x3  
  111  10:07  Marine x2  
  114  10:13  Liberator  
  116  10:15  Marine x4  
  114  10:48  Marine x2  
  114  10:49  Marine  
Tags
 
Composition
Muta Ling Bane
Matchup
TvZ
Opening
Pool First
Spawn Locations
Cross Positions
Add a new tag
Caveats
  • Supply blocks, unpowered buildings, or Contaminate may cause inaccurate times.
  • Supply counts are checked every 10 seconds.